 Dungeon Crawl Stone Soup version 0.21.1-1-g345015f (webtiles) character file.

2836 Sempronis the Grappler (level 9, -1/84 HPs)
             Began as a Troll Fighter on Feb 22, 2018.
             Was a Priest of Okawaru.
             Slain by a two-headed ogre
             ... wielding a +0 giant club
              (5 damage)
             ... on level 8 of the Dungeon.
             The game lasted 00:38:58 (6382 turns).

Sempronis the Grappler (Troll Fighter)              Turns: 6382, Time: 00:39:00

Health: -1/84      AC:  8    Str: 29    XL:     9   Next: 45%
Magic:  8/8        EV: 10    Int:  4    God:    Okawaru [***...]
Gold:   432        SH: 12    Dex:  9    Spells: 8/8 levels left

rFire    . . .     SeeInvis +     - Unarmed
rCold    . . .     Gourm    +   b - +2 shield
rNeg     . . .     Faith    .   a - +0 robe
rPois    .         Spirit   .   (helmet restricted)
rElec    .         Reflect  .   t - +2 cloak
rCorr    .         Harm     .   (gloves unavailable)
MR       .....                  (boots unavailable)
Stlth    +.........             (no amulet)
HPRegen  0.64/turn              e - ring of see invisible
MPRegen  0.11/turn              w - ring of flight

@: no status effects
A: large, unfitting armour, claws 3, fast metabolism 3, gourmand, regeneration
1, shaggy fur 1, tough skin 2
a: Heroism, Renounce Religion, Evoke Flight


You were on level 8 of the Dungeon.
You worshipped Okawaru.
Okawaru was most pleased with you.
You were very hungry.

You visited 2 branches of the dungeon, and saw 9 of its levels.

You collected 432 gold pieces.

Inventory:

Hand Weapons
 n - a +0 lajatang
 r - a +1 dagger of electrocution
 s - a +0 dagger of chaos
Armour
 a - a +0 robe (worn)
 b - a +2 shield (worn)
 t - a +2 cloak (worn)
Jewellery
 e - a ring of see invisible (left claw)
 w - a ring of flight (right claw)
Wands
 x - a wand of polymorph (20)
 A - a wand of digging (9)
Scrolls
 g - 5 scrolls of remove curse
 h - 4 scrolls of teleportation
 j - 2 scrolls of fear
 l - 2 scrolls of amnesia
 m - 6 scrolls of identify
 o - 3 scrolls of enchant armour
 v - a scroll of blinking
Potions
 c - 4 potions of might
 f - a potion of flight
 i - 3 potions of curing
 k - a potion of heal wounds
 p - 2 potions of ambrosia
 q - a potion of agility
 u - a potion of lignification {unknown}
 B - 2 potions of resistance {unknown}
Comestibles
 d - 7 rations


   Skills:
 + Level 4.2 Fighting
   Level 0.3 Long Blades
 + Level 5.5 Dodging
 + Level 1.4 Stealth
 + Level 5.6 Shields
 + Level 8.8 Unarmed Combat


You had 8 spell levels left.
You didn't know any spells.

Dungeon Overview and Level Annotations

Branches:
Dungeon (8/15)             Temple (1/1) D:5
   Lair: D:8-11

Altars:
Ashenzari
Cheibriados
Dithmenos
Elyvilon
Fedhas
Gozag
Hepliaklqana
Kikubaaqudgha
Makhleb
Nemelex Xobeh
Okawaru
Qazlal
Ru
Sif Muna
Trog
Uskayaw
Vehumet
Wu Jian
Xom
Yredelemnul
Zin
The Shining One


Innate Abilities, Weirdness & Mutations

You are too large for most types of armour.
You have claws for hands.
Your metabolism is lightning-fast.
You like to eat raw meat.
Your natural rate of healing is unusually fast.
You are covered in fur. (AC +1)
You have very tough skin. (AC +2)


Message History

You barely miss the two-headed ogre.
You block the two-headed ogre's attack. x2
You completely miss the two-headed ogre.
You barely miss the two-headed ogre. The two-headed ogre misses you.
You block the two-headed ogre's attack.
You barely miss the two-headed ogre.
The two-headed ogre hits you with a giant club!
The two-headed ogre barely misses you.
You barely miss the two-headed ogre.
The two-headed ogre barely misses you. x2
You claw the two-headed ogre!
The two-headed ogre is moderately wounded.
You are feeling very hungry.
You claw the two-headed ogre!
The two-headed ogre is heavily wounded.
The two-headed ogre hits you with a giant club!! x2
You claw the two-headed ogre!
The two-headed ogre is severely wounded.
The two-headed ogre hits you with a giant club!!
* * * LOW HITPOINT WARNING * * *
The two-headed ogre hits you with a giant club.
You die...

.............##......#
#?.............##......#
................#.......
......#.....#...#.......
......#..........####...
......#..........####...
.................#......
............##...#......
#...@†...#....#......
#...O....#....)......
#........#...........
........####...........
...$.....# #...........
.......... ####........
.......... ..........
........... ..........


You could see a two-headed ogre.

Vanquished Creatures
  Grinder (D:5)
  Prince Ribbit (D:5)
  Menkaure (D:5)
  Duvessa (D:5)
  An orc warrior (D:6)
  A black bear (D:6)
  An ice beast (D:8)
  3 phantoms
  An ogre (D:7)
  5 centaurs
  A bullfrog (D:6)
  Dowan (D:5)
  A scorpion (D:5)
  5 killer bees (D:7)
  A quasit (D:5)
  3 crimson imps
  A bullfrog zombie (D:5)
  3 jellies
  2 hounds (D:5)
  An orc wizard (D:5)
  An orc priest (D:5)
  A gnoll shaman (D:5)
  Jessica (D:2)
  A bullfrog skeleton (D:7)
  2 worker ants
  2 hound zombies
  A hound skeleton (D:5)
  A mummy (D:7)
  Robin (D:2)
  A howler monkey skeleton (D:4)
  2 worker ant zombies (D:6)
  7 adders
  3 oozes (D:2)
  An adder zombie (D:4)
  An adder skeleton (D:5)
  2 worms
  4 leopard geckos
  20 orcs
  7 bats
  5 giant cockroaches
  16 goblins
  11 hobgoblins
  9 jackals
  6 quokkas
  A ball python (D:1)
  6 frilled lizards
  6 kobolds
  3 kobold zombies (D:7)
  A leopard gecko zombie (D:7)
  An orc zombie (D:7)
  A quokka skeleton (D:6)
  12 rats
172 creatures vanquished.

Notes
Turn   | Place    | Note
-------+----------+-------------------------------------------
     0 | D:1      | Sempronis the Troll Fighter began the quest for the Orb.
     0 | D:1      | Reached XP level 1. HP: 22/22 MP: 0/0
   147 | D:1      | Reached XP level 2. HP: 29/29 MP: 1/1
   767 | D:2      | Noticed Jessica
   768 | D:2      | Reached XP level 3. HP: 36/36 MP: 2/2
   778 | D:2      | Killed Jessica
   854 | D:2      | Reached XP level 4. HP: 44/44 MP: 3/3
   934 | D:2      | Noticed Robin
   955 | D:2      | Reached skill level 3 in Unarmed Combat
   977 | D:2      | Killed Robin
  1403 | D:3      | Reached XP level 5. HP: 22/52 MP: 4/4
  1404 | D:3      | Found a shattered altar of Ashenzari.
  2070 | D:3      | Found a faded altar of an unknown god.
  2522 | D:4      | Noticed a phantom
  2529 | D:4      | Killed a phantom
  2529 | D:4      | Reached skill level 4 in Unarmed Combat
  2529 | D:4      | Reached XP level 6. HP: 58/61 MP: 5/5
  3171 | D:5      | Entered Level 5 of the Dungeon
  3181 | D:5      | Noticed Menkaure
  3186 | D:5      | Killed Menkaure
  3186 | D:5      | Reached skill level 5 in Unarmed Combat
  3186 | D:5      | Reached XP level 7. HP: 67/67 MP: 6/6
  3236 | D:5      | Found a hazy altar of Hepliaklqana.
  3237 | D:5      | Found a glowing silver altar of Zin.
  3240 | D:5      | Found a glowing golden altar of the Shining One.
  3240 | D:5      | Found an iron altar of Okawaru.
  3247 | D:5      | Found an ancient bone altar of Kikubaaqudgha.
  3247 | D:5      | Found a deep blue altar of Sif Muna.
  3248 | D:5      | Found a sparkling altar of Nemelex Xobeh.
  3264 | D:5      | Became a worshipper of Warmaster Okawaru
  3355 | D:5      | Noticed Dowan
  3356 | D:5      | Noticed Duvessa
  3375 | D:5      | Killed Duvessa
  3386 | D:5      | Killed Dowan
  3429 | D:5      | Noticed Prince Ribbit
  3458 | D:5      | Killed Prince Ribbit
  3458 | D:5      | Reached * piety under Okawaru
  3480 | D:5      | Noticed Grinder
  3494 | D:5      | Paralysed by Grinder for 2 turns
  3499 | D:5      | Killed Grinder
  3499 | D:5      | Reached skill level 6 in Unarmed Combat
  3499 | D:5      | Reached XP level 8. HP: 22/78 MP: 7/7
  3708 | D:5      | Found a staircase to the Ecumenical Temple.
  3768 | Temple   | Entered the Ecumenical Temple
  4467 | D:5      | Reached skill level 1 in Stealth
  4511 | D:5      | Reached ** piety under Okawaru
  4511 | D:5      | Reached skill level 7 in Unarmed Combat
  4856 | D:6      | Reached skill level 5 in Dodging
  4961 | D:6      | Reached XP level 9. HP: 58/84 MP: 8/8
  5076 | D:6      | Reached skill level 5 in Shields
  5296 | D:7      | Reached skill level 8 in Unarmed Combat
  5733 | D:7      | Got a heavily runed leather armour
  5793 | D:7      | Reached *** piety under Okawaru
  6043 | D:7      | Found a burning altar of Makhleb.
  6044 | D:7      | Found a shimmering altar of Xom.
  6370 | D:8      | Noticed a two-headed ogre
  6382 | D:8      | HP: 4/84 [two-headed ogre/giant club (23)]
  6382 | D:8      | Slain by a two-headed ogre

Skill      XL: |  1  2  3  4  5  6  7  8  9 |
---------------+----------------------------+-----
Dodging        | 3 4 5 |  5.5
Shields        | 3 4 5 |  5.6
Unarmed Combat | 3 4 5 6 7 8 |  8.8
Fighting       | 3 4 |  4.2
Stealth        | 1 |  1.4
Long Blades    | |  0.3

Action                   |  1- 3 |  4- 6 |  7- 9 || total
-------------------------+-------+-------+-------++-------
Melee: Unarmed           |    86 |   211 |   283 ||   580
       Great sword       |       |    29 |       ||    29
  Use: Scroll            |       |    12 |     5 ||    17
       Potion            |       |     1 |     5 ||     6
 Stab: Sleeping          |       |       |     1 ||     1
  Eat: Chunk             |     5 |    18 |    12 ||    35
       Ration            |       |     1 |     5 ||     6
Armor: Robe              |    48 |    88 |    59 ||   195
Dodge: Dodged            |    41 |    99 |    89 ||   229
Block: Shield            |    52 |   115 |   147 ||   314
       Rpst.: Great sword |       |     9 |       ||     9
